 Dungeon Sprint DCSS version 0.26-a0-662-g8b9c6dab81 (webtiles) character file.

Game seed: 4456200313672113133

19980 olmar the Metallomancer (level 12, -9/88 HPs)
             Began as a Deep Dwarf Earth Elementalist on Oct 9, 2020.
             Was an Initiate of Gozag.
             Mangled by a snapping turtle (20 damage)
             ... in the Dungeon (Sprint III: "The Ten Rune Challenge").
             The game lasted 00:15:03 (4308 turns).

olmar the Metallomancer (DDEE)                      Turns: 4308, Time: 00:15:03

Health: -9/88      AC: 10    Str: 11    XL:     12   Next: 41%
Magic:  30/34      EV: 13    Int: 26    God:    Gozag
Gold:   1381       SH:  0    Dex: 16    Spells: 33/48 levels left

rFire    + . .     SeeInvis .   w - +7 whip of Healipuh {speed, Int+4}
rCold    + . .     Faith    .   (no shield)
rNeg     . . .     Spirit   .   u - +2 robe {Archmagi}
rPois    .         Reflect  .   r - +1 hat "Puoleg" {rElec rF+}
rElec    +         Harm     .   h - +0 cloak {Stlth+}
rCorr    .         Rampage  .   t - +1 pair of gloves {Dex+3}
MR       +....     NoTele   +   a - +1 pair of boots {Fly}
Stlth    ++........             (no amulet)
HPRegen  0.00/turn              (no ring)
MPRegen  0.24/turn              (no ring)

@: non-regenerating
A: damage resistance, heal wounds, cold resistance 1, deterioration 1, sense
surroundings 2, no regeneration
a: Heal Wounds, Potion Petition, Call Merchant, Bribe Branch, Renounce Religion,
Evoke Flight


You were in the Dungeon.
You worshipped Gozag.
Gozag was most pleased with you.
You visited 1 branch You collected 9651 gold pieces.
You spent 2997 gold pieces at shops.
You paid 5273 gold pieces to Gozag.

Inventory:

Hand Weapons
 w - the +7 whip of Healipuh (weapon) {speed, Int+4}
   (You bought it in a shop in the Dungeon)

   Attacks with this weapon are significantly faster.
   It affects your intelligence (+4).
Armour
 a - a +1 pair of boots of flying (worn)
 b - a +0 helmet of intelligence
 h - a +0 cloak of stealth (worn)
 r - the +1 hat "Puoleg" (worn) {rElec rF+}
   (You bought it in a shop in the Dungeon)

   It protects you from fire.
   It insulates you from electricity.
 t - a +1 pair of gloves of dexterity (worn)
 u - a +2 robe of the Archmagi (worn)
Scrolls
 d - 2 scrolls of fear
 e - a scroll of amnesia
 i - a scroll of magic mapping
 j - a scroll of holy word
 m - a scroll of torment
 n - a scroll of immolation
 o - 2 scrolls of remove curse
 x - a scroll of blinking
Potions
 c - a potion of mutation
 f - a potion of haste
 g - a potion of magic
 k - a potion of degeneration
 l - a potion of stabbing
 p - 2 potions of flight
 s - a potion of berserk rage
Miscellaneous
 q - a tin of tremorstones (3/3)
 v - a condenser vane (2/2)


   Skills:
 - Level 1.1 Maces & Flails
 - Level 2.3 Dodging
 - Level 2.5 Stealth
 + Level 18.6 Spellcasting
 + Level 1.4 Conjurations
 - Level 1.0 Transmutations
 + Level 25.4 Earth Magic
 - Level 2.4 Evocations


You had 33 spell levels left.
You knew the following spells:

 Your Spells              Type           Power        Failure   Level
a - Sandblast             Erth           ######       0%          1
b - Passwall              Tmut/Erth      #######.     0%          2
c - Lee's Rapid Deconstr  Erth           ########..   0%          5
d - Stone Arrow           Conj/Erth      ######       1%          3
e - Petrify               Tmut/Erth      #######.     1%          4

Your spell library contained the following spells:

 Spells                   Type           Power        Failure   Level
 Confusing Touch          Hex            #####...     6%          3
 Gell's Gravitas          Tloc           #####.....   6%          3
 Yara's Violent Unravell  Hex/Tmut       #####.....   41%         5
 Metabolic Englaciation   Hex/Ice        #####.....   47%         5


Dungeon Overview and Level Annotations

Branches:
Dungeon (1/1)

Altars:
Cheibriados
Dithmenos
Elyvilon
Fedhas
Gozag
Hepliaklqana
Kikubaaqudgha
Makhleb
Nemelex Xobeh
Okawaru
Qazlal
Ru
Sif Muna
Trog
Uskayaw
Vehumet
Wu Jian
Xom
Yredelemnul
Zin
The Shining One
Beogh
Jiyva
Lugonu

Shops:
D ?[*[[


Innate Abilities, Weirdness & Mutations

You are resistant to damage.
You can heal yourself by infusing magical energy.
You passively map the area around you.
You do not regenerate.
Your flesh is cold resistant. (rC+)
Your body sometimes deteriorates upon taking damage.


Message History

Unknown command.
Casting: Lee's Rapid Deconstruction (safe; 0% risk of failure)
Confirm with . or Enter, or press ? or * to list all spells.
You don't know that spell.
You start waiting.
A snapping turtle is nearby!
Casting: Lee's Rapid Deconstruction (safe; 0% risk of failure)
Confirm with . or Enter, or press ? or * to list all spells.
Okay, then.
Casting: Lee's Rapid Deconstruction (safe; 0% risk of failure)
Confirm with . or Enter, or press ? or * to list all spells.
Aiming: Petrify (safe; 1% risk of failure)
Press: ? - help, Shift-Dir - straight line, f - snapping turtle
Aim: a snapping turtle (wandering, hasn't noticed you, chance to defeat MR: 73%)
You feel a surge of power!
The snapping turtle hisses angrily.
The snapping turtle struggles to resist.
The snapping turtle bites you from afar!!
You die...
Your body crumbles into a pile of gold.

♣♣♣♣♣♣#..♣♣ ♣♣♣##[###
###'♣♣♣♣♣♣♣♣♣♣♣♣♣♣♣ #(..'. *
♣♣♣♣.##..##≈≈≈≈≈≈..#$$#)..#.
,
♣...##)##.#≈≈≈≈≈..$#$$#..)#.
♣♣.##.##.##)≈≈≈≈○####+#####.
* ♣..#.##...#(≈....○.☼☼# P.
* ♣♣.##.##..#≈.('####### §..
,
♣♣.##.#####...#......#,§○..
,
♣.....##..@...#♣♣♣._.#☼.☼§.
* ########t########* ##§####
▓......... , #○, ▓≈≈.......,
* *** * ▓≈≈≈PP..P. *, $, * ,
, ▓≈≈≈≈t..≈≈ , , ,
▓≈≈≈≈≈≈≈≈t≈ *, , * * *
▓≈≈≈≈≈≈≈≈≈ * , * ,
▓≈≈≈≈≈≈≈≈≈≈ *, *


You could see a snapping turtle.

Vanquished Creatures
  A kraken (D)
  Harold (D)
  Erolcha (D)
  A yaktaur captain (D)
  2 hydras (D)
  Urug (D)
  4 orc high priests (D)
  A deep elf knight (D)
  A death drake (D)
  A spriggan druid (D)
  A lindwurm (D)
  Joseph (D)
  2 orc sorcerers (D)
  5 deep elf magi (D)
  2 cane toads (D)
  A komodo dragon (D)
  A rime drake (D)
  A queen bee (D)
  3 wandering mushrooms (D)
  2 tyrant leeches (D)
  2 spriggans (D)
  A snapping turtle (D)
  5 redbacks (D)
  A shadow (D)
  A spatial vortex (D)
  A swamp drake (D)
  2 orc warriors (D)
  A necrophage (D)
  5 two-headed ogres (D)
  A water elemental (D)
  26 killer bees (D)
  An electric eel (D)
  A jelly (D)
  2 orc priests (D)
  2 orc wizards (D)
  A wizard (D)
  Jessica (D)
  A necromancer (D)
  3 humans (D)
  A kobold demonologist (D)
  A phantom (D)
  8 orcs (D)
  3 rats (D)
  3 tentacles (D)
107 creatures vanquished.

Vanquished Creatures (collateral kills)
  4 killer bees (D)
4 creatures vanquished.

Vanquished Creatures (others)
  A hydra (D)
  2 orc high priests (D)
  2 killer bees (D)
  A fungus (D)
  23 plants (D)
  A tentacle (D)
30 creatures vanquished.

Grand Total: 141 creatures vanquished

Notes
Turn   | Place    | Note
-------+----------+-------------------------------------------
     0 | D        | olmar the Deep Dwarf Earth Elementalist began the quest for
                  | the Orb.
     0 | D        | Reached XP level 1. HP: 15/15 MP: 3/3
    73 | D        | Noticed Jessica
    84 | D        | Killed Jessica
    84 | D        | Reached skill level 7 in Earth Magic
    84 | D        | Reached XP level 2. HP: 22/22 MP: 0/6
   136 | D        | Learned a level 2 spell: Passwall
   148 | D        | Reached XP level 3. HP: 28/28 MP: 3/7
   155 | D        | Killed a seven-headed hydra
   193 | D        | Reached skill level 1 in Transmutations
   193 | D        | Reached skill level 8 in Earth Magic
   252 | D        | Gained mutation: You are dopey. (Int -2) [potion of
                  | mutation]
   252 | D        | Gained mutation: You can translocate small distances at
                  | will. [potion of mutation]
   252 | D        | Gained mutation: Your body sometimes deteriorates upon
                  | taking damage. [potion of mutation]
   252 | D        | Gained mutation: You possess an exceptional clarity of
                  | mind. [potion of mutation]
   260 | D        | Lost mutation: You possess an exceptional clarity of mind.
                  | [potion of mutation]
   260 | D        | Lost mutation: You are dopey. (Int -2) [potion of mutation]
   260 | D        | Lost mutation: You can translocate small distances at will.
                  | [potion of mutation]
   260 | D        | Gained mutation: Your flesh is cold resistant. (rC+)
                  | [potion of mutation]
   262 | D        | Noticed a water elemental
   271 | D        | Killed a water elemental
   271 | D        | Reached skill level 10 in Earth Magic
   271 | D        | Reached XP level 4. HP: 36/36 MP: 4/10
   322 | D        | Reached skill level 5 in Spellcasting
   322 | D        | Reached XP level 5. HP: 42/42 MP: 9/12
   329 | D        | Learned a level 5 spell: Lee's Rapid Deconstruction
   347 | D        | Noticed a shadow
   348 | D        | Killed a shadow
   348 | D        | Reached skill level 12 in Earth Magic
   348 | D        | Reached XP level 6. HP: 49/49 MP: 1/16
   422 | D        | Found a blossoming altar of Fedhas.
   422 | D        | Found a stormy altar of Qazlal.
   423 | D        | Found a snail-covered altar of Cheibriados.
   423 | D        | Found a burning altar of Makhleb.
   423 | D        | Found a hazy altar of Hepliaklqana.
   423 | D        | Found a shimmering altar of Xom.
   423 | D        | Found an opulent altar of Gozag.
   423 | D        | Found a sparkling altar of Nemelex Xobeh.
   423 | D        | Found a corrupted altar of Lugonu.
   423 | D        | Found a viscous altar of Jiyva.
   423 | D        | Noticed a spatial vortex
   426 | D        | Killed a spatial vortex
   426 | D        | Reached skill level 13 in Earth Magic
   432 | D        | Became a worshipper of Gozag Ym Sagoz the Greedy
   432 | D        | Found the +10 tower shield of Ignorance {rN+ Int-4}
   531 | D        | Found a radiant altar of Vehumet.
   533 | D        | Reached skill level 14 in Earth Magic
   535 | D        | Found a shimmering blue altar of Sif Muna.
   535 | D        | Found an ancient bone altar of Kikubaaqudgha.
   573 | D        | Found a glowing silver altar of Zin.
   576 | D        | Killed a deep elf mage
   576 | D        | Reached skill level 15 in Earth Magic
   576 | D        | Reached XP level 7. HP: 55/55 MP: 7/20
   578 | D        | Found a glowing golden altar of the Shining One.
   578 | D        | Found a white marble altar of Elyvilon.
   658 | D        | Found a basalt altar of Yredelemnul.
   658 | D        | Found a shadowy altar of Dithmenos.
   658 | D        | Found a sacrificial altar of Ru.
   660 | D        | Reached skill level 10 in Spellcasting
   719 | D        | Found a hide-covered altar of Uskayaw.
   719 | D        | Found a roughly hewn altar of Beogh.
   719 | D        | Found an iron altar of Okawaru.
   719 | D        | Found a bloodstained altar of Trog.
   719 | D        | Found an ornate altar of the Wu Jian Council.
   719 | D        | Noticed a human
   720 | D        | Killed a human
   720 | D        | Reached skill level 16 in Earth Magic
   720 | D        | Reached XP level 8. HP: 62/62 MP: 16/22
   826 | D        | Reached skill level 17 in Earth Magic
  1009 | D        | Noticed Erolcha
  1009 | D        | Noticed a two-headed ogre
  1013 | D        | Killed Erolcha
  1013 | D        | Reached skill level 18 in Earth Magic
  1013 | D        | Gained mutation: You passively map the area around you.
                  | [Deep Dwarf growth]
  1013 | D        | Reached XP level 9. HP: 68/68 MP: 8/25
  1014 | D        | Killed a two-headed ogre
  1015 | D        | Noticed a two-headed ogre
  1047 | D        | Killed a two-headed ogre
  1218 | D        | Found Katamopn's Magic Scroll Boutique.
  1218 | D        | Noticed an orc high priest
  1219 | D        | Noticed an orc sorcerer
  1223 | D        | Killed an orc high priest
  1223 | D        | Reached skill level 19 in Earth Magic
  1223 | D        | Reached skill level 1 in Evocations
  1224 | D        | Noticed an orc high priest
  1226 | D        | Killed an orc high priest
  1226 | D        | Reached XP level 10. HP: 35/75 MP: 1/27
  1246 | D        | Killed an orc sorcerer
  1246 | D        | Reached skill level 20 in Earth Magic
  1269 | D        | Noticed an orc sorcerer
  1273 | D        | Killed an orc sorcerer
  1343 | D        | Noticed an orc high priest
  1347 | D        | Killed an orc high priest
  1683 | D        | Bought a scroll of remove curse for 42 gold pieces
  1683 | D        | Bought a scroll of fear for 49 gold pieces
  1683 | D        | Bought a scroll of amnesia for 49 gold pieces
  1683 | D        | Bought a scroll of magic mapping for 49 gold pieces
  1741 | D        | Bought a +1 pair of gloves of dexterity for 181 gold pieces
  1741 | D        | Bought a +2 robe of the Archmagi for 414 gold pieces
  1758 | D        | Bought a condenser vane (2/2) for 300 gold pieces
  1758 | D        | Bought the +7 whip of Healipuh {speed, Int+4} for 868 gold
                  | pieces
  1758 | D        | Bought a scroll of fear for 52 gold pieces
  1758 | D        | Bought a scroll of blinking for 112 gold pieces
  2039 | D        | Reached skill level 21 in Earth Magic
  2058 | D        | Reached skill level 15 in Spellcasting
  2072 | D        | Learned a level 3 spell: Stone Arrow
  2249 | D        | Bought a +1 pair of boots of flying for 247 gold pieces
  2249 | D        | Bought a +0 helmet of intelligence for 172 gold pieces
  2267 | D        | Bought an embroidered cloak for 210 gold pieces
  2267 | D        | Bought a smoking hat for 252 gold pieces
  2282 | D        | Identified the +1 hat "Puoleg" {rElec rF+} (You bought it
                  | in a shop in the Dungeon)
  2331 | D        | Noticed a cane toad
  2331 | D        | Noticed a cane toad
  2333 | D        | Reached XP level 11. HP: 39/81 MP: 26/30
  2333 | D        | Reached skill level 1 in Maces & Flails
  2333 | D        | Reached skill level 22 in Earth Magic
  2406 | D        | Reached skill level 1 in Conjurations
  2507 | D        | Learned a level 4 spell: Petrify
  2673 | D        | Noticed a lindwurm
  2684 | D        | Killed a lindwurm
  2850 | D        | Noticed Urug
  2857 | D        | Killed Urug
  2991 | D        | Noticed a deep elf mage
  2991 | D        | Noticed a deep elf mage
  2991 | D        | Noticed a deep elf knight
  2991 | D        | Noticed a deep elf mage
  2991 | D        | Noticed a deep elf mage
  3053 | D        | Killed a deep elf mage
  3053 | D        | Killed a deep elf mage
  3053 | D        | Reached skill level 23 in Earth Magic
  3054 | D        | Killed a deep elf mage
  3056 | D        | Killed a deep elf knight
  3057 | D        | Killed a deep elf mage
  3211 | D        | Noticed Harold
  3211 | D        | Noticed Joseph
  3218 | D        | Killed Harold
  3223 | D        | Killed Joseph
  3261 | D        | Killed a yaktaur captain
  3261 | D        | Reached skill level 24 in Earth Magic
  3699 | D        | Reached XP level 12. HP: 42/88 MP: 27/33
  3732 | D        | Noticed a six-headed hydra
  3732 | D        | Noticed a four-headed hydra
  3734 | D        | Killed a four-headed hydra
  3737 | D        | Killed a six-headed hydra
  3981 | D        | Noticed a kraken
  4048 | D        | Found a blossoming altar of Fedhas.
  4058 | D        | Reached skill level 25 in Earth Magic
  4117 | D        | Killed a kraken
  4308 | D        | Mangled by a snapping turtle

Illustrated notes

Levels and vault maps discovered:
D:        dungeon_sprint_mu [sprint_mu_entry_cave, sprint_mu_temple_rooms,
          sprint_mu_d1_spiders, sprint_mu_d2_genie, sprint_mu_d3_branching,
          sprint_mu_orc_legion, sprint_mu_elf_gauntlet, sprint_mu_hive_nellie,
          sprint_mu_lair_fedhas, sprint_mu_vaults_butterflies,
          sprint_mu_slime_circle, sprint_mu_swamp_cave, sprint_mu_shoals_kraken,
          sprint_mu_blade_basic, sprint_mu_crypt_fortress,
          sprint_mu_tomb_spiral, sprint_mu_vestibule_basic,
          sprint_mu_gehenna_hellfire, sprint_mu_dis_giant,
          sprint_mu_tartarus_statrot, sprint_mu_cocytus_islands, sprint_mu_zot1]

Skill      XL: |  1  2  3  4  5  6  7  8  9 10 11 12 |
---------------+-------------------------------------+-----
Spellcasting   | 3 4 5 7 9 10 12 13 15 17 18 | 18.6
Earth Magic    | 7 10 12 15 16 18 19 21 24 25 | 25.4
Transmutations | 1 |  1.0
Evocations     | 2 |  2.4
Maces & Flails | 1 |  1.1
Conjurations   | 1 |  1.4
Dodging        | |  2.3
Stealth        | |  2.5

Action                   |  1- 3 |  4- 6 |  7- 9 | 10-12 || total
-------------------------+-------+-------+-------+-------++-------
Melee: Unarmed           |     5 |       |     1 |       ||     6
       Whip              |       |       |       |     6 ||     6
 Cast: Sandblast         |    19 |     4 |       |     7 ||    30
       Lee's Rapid Decon |       |     6 |    20 |    68 ||    94
       Stone Arrow       |       |       |       |     4 ||     4
       Petrify           |       |       |       |     7 ||     7
Invok: Call Merchant     |       |       |       |     4 ||     4
       Potion Petition   |       |       |       |     4 ||     4
 Abil: Stop Flying       |       |       |       |     1 ||     1
Evoke: Tin of tremorston |       |       |     4 |     1 ||     5
       Wand              |       |       |       |    18 ||    18
       Condenser vane    |       |       |       |     7 ||     7
  Use: Potion            |     3 |       |     3 |     2 ||     8
       Scroll            |       |       |     1 |     5 ||     6
Armor: Robe              |       |       |       |     4 ||     4
Dodge: Dodged            |     8 |       |     7 |     9 ||    24

Table legend: (Time is in decaauts)
 A = Elapsed time spent in this place.
 B = Non-inter-level travel time spent in this place.
 C = Inter-level travel time spent in this place.
 D = Time resting spent in this place.
 E = Time spent auto-exploring this place.
 F = Levels seen in this place.
 G = Mean time per level.
                   A        B        C        D        E       F      G
               +--------+--------+--------+--------+--------+-----+--------+
         Total |   4326 |   4134 |    192 |   3052 |      9 |   1 | 4326.0 |
       Dungeon |   4326 |   4134 |    192 |   3052 |      9 |   1 | 4326.0 |
               +--------+--------+--------+--------+--------+-----+--------+

Top non-repeatable levels by time:
       D: 4326 daAuts
